Cogmind - Beta 13 @@@ ROGUE MODE // 2024.07.05 @ 19:38:59 Player: lexi^-^ Result: Destroyed by Y-45 Defender with Beam Rifle Performance ------------- Evolutions (1) 500 Regions Visited (2) 400 Robots Destroyed (18) 90 Value Destroyed (352) 352 Prototype IDs (2) 40 Alien Tech Used (0) 0 Bonus (0) 0 TOTAL SCORE: 1382 Bonus ------- None Cogmind --------- Core Integrity 0/400 Matter 288/300 Energy 99/100 System Corruption 0% Temperature Cool (26) Movement Core (50) Location -9/Materials Parts ------- > --- POWER (2) -------- (None) > --- PROPULSION (2) --- (None) > --- UTILITY (3) ------ Hacking Suite > --- WEAPON (2) ------- (None) > --- INVENTORY (5) ---- Weight Redist. System Sensor Array Signal Interpreter Peak State ------------ > --- POWER ------------ Light Ion Engine Light Ion Engine > --- PROPULSION ------- Hover Unit Hover Unit > --- UTILITY ---------- Hacking Suite Hacking Suite Hacking Suite > --- WEAPON ----------- Assault Rifle > --- INVENTORY -------- Nuclear Core Sensor Array ECM Suite [Rating: 14] Favorites ----------- Power Light Ion Engine Engine Light Ion Engine Power Core Nuclear Core Propulsion Hover Unit Wheel Compact Wheel Hover Unit Hover Unit Utility Hacking Suite Device ECM Suite Storage Medium Storage Unit Processor Visual Processing Unit Hackware Hacking Suite Weapon Assault Rifle Energy Gun Small Laser Ballistic Gun Assault Rifle Special Weapon Mining Laser Build | -11 -10 -9 ------- Run | Yrd Mat Mat Slots Evolved 2 | . . 2 Power 1 | . . 1 Propulsion . | . . . Utility 1 | . . 1 Weapon . | . . . Parts Attached 27 | 6 13 8 Power 5 | 1 2 2 Engine 4 | 1 2 1 Core 1 | . . 1 Reactor . | . . . Propulsion 6 | 2 4 . Treads . | . . . Leg . | . . . Wheel 2 | 2 . . Hover 4 | . 4 . Flight . | . . . Utility 9 | 1 4 4 Device 2 | . 1 1 Storage 2 | 1 1 . Processor 2 | . 2 . Hackware 3 | . . 3 Protection . | . . . Artifact . | . . . Weapon 7 | 2 3 2 Energy Gun 4 | 1 1 2 Energy Cannon . | . . . Ballistic Gun 2 | 1 1 . Ballistic Cannon . | . . . Launcher . | . . . Special Weapon 1 | . 1 . Impact Weapon . | . . . Slashing Weapon . | . . . Piercing Weapon . | . . . Special Melee Weapon . | . . . Unidentified Prototypes . | . . . Parts Lost 15 | . 4 11 Power 4 | . 1 3 Propulsion 4 | . 2 2 Utility 3 | . . 3 Weapon 4 | . 1 3 Highest Loss Streak 11 | . 3 11 To Critical Strikes . | . . . Average Slot Usage (%) 85 | . 89 76 Engine 15 | . 14 17 Wheel 9 | . 13 . Hover 15 | . 14 18 Device 5 | . 5 2 Storage 4 | . 6 . Processor 6 | . 7 2 Hackware 6 | . . 24 Energy Gun 9 | . 12 . Ballistic Gun 9 | . 9 9 Special Weapon 2 | . 3 . Naked Turns . | . . . Heaviest Build 19 | 14 19 10 Greatest Support 32 | 32 32 12 Greatest Overweight (x) 2 | 2 . 2 Average Overweight (x) . | . . . Largest Inventory Capacity 10 | 8 10 5 Average Capacity 6 | 7 7 5 Most Carried 10 | 6 10 5 Average Carried 5 | 4 5 4 Final Capacity 8 | 8 5 5 Final Carried 6 | 6 2 3 Class Distribution -------------------- 60% | Mutant 20% | Hacker-Mutant 19% | Scavenger-Mutant Dominant Class ---------------- Mutant | -10/Materials Hacker-Mutant | -9/Materials Resources | -11 -10 -9 ----------- Run | Yrd Mat Mat Matter Collected 529 | 202 236 91 Remotely . | . . . Salvage Created 626 | 28 473 125 Parts 47 | 4 36 7 Haulers Intercepted 1 | . 1 . Recyclers Shooed . | . . . Parts Field Recycled . | . . . Retrieved Matter . | . . . Parts Self-Destructed . | . . . Prevented . | . . . Kills | -11 -10 -9 ------- Run | Yrd Mat Mat Combat Hostiles Destroyed 10 | . 7 3 Guns 10 | . 7 3 Classes Destroyed 7 | 1 6 . Worker 1 | . 1 . Tunneler 2 | 1 1 . Hauler 1 | . 1 . Recycler 1 | . 1 . Watcher 3 | . 3 . Swarmer 3 | . 3 . Grunt 7 | . 4 3 Best Kill Streak 7 | 1 7 3 Combat Bots Only 3 | . 3 3 Max Kills in Single Turn 1 | 1 1 1 Gunslinging . | . . . Exploded . | . . . Melee . | . . . Uniques/NPCs Destroyed . | . . . Combat | -11 -10 -9 -------- Run | Yrd Mat Mat Hostile Shots Fired 151 | . 59 92 Missed 43 | . 18 25 Damage Taken 1430 | . 505 925 Core 562 | . 156 406 Absorbed by Shields . | . . . Core Remaining (%) 68 | 100 37 . Volleys Fired 84 | 1 55 28 Largest 2 | 2 2 1 Hottest 100 | 60 100 40 Shots Fired 115 | 2 85 28 Gun 106 | 2 76 28 Cannon . | . . . Launcher . | . . . Special 9 | . 9 . Kinetic 53 | 1 32 20 Thermal 38 | . 30 8 Explosive . | . . . Electromagnetic 24 | 1 23 . Robot Hit Streak 9 | 1 6 9 Robot Miss Streak 5 | . 5 2 Penetration Max . | . . . Secondary Targets . | . . . Shots Hit Robots 63 | 1 40 22 Core Hits 27 | 1 18 8 Critical Kills 2 | . 2 . Critical Parts Destroyed . | . . . Critical Strikes 2 | . 2 . Destroy 2 | . 2 . Melee Attacks . | . . . Impact . | . . . Slashing . | . . . Piercing . | . . . Sneak Attacks . | . . . Combat Hostiles . | . . . Follow-up Attacks . | . . . Damage Inflicted 906 | 29 546 331 Guns 847 | 29 505 313 Cannons . | . . . Explosions . | . . . Melee . | . . . Ramming 59 | . 41 18 Kinetic 459 | 14 216 229 Thermal 246 | . 162 84 Explosive . | . . . Electromagnetic 142 | 15 127 . Impact . | . . . Slashing . | . . . Piercing . | . . . Highest Corruption . | . . . Average Corruption . | . . . Corruption Purged . | . . . Corruption Blocked . | . . . Overload Shots . | . . . Overflow Damage . | . . . Projectiles . | . . . Explosions . | . . . Melee . | . . . Knockbacks . | . . . Impact . | . . . Kinetic . | . . . Secondary . | . . . Self-Inflicted Damage 28 | . 19 9 Shots . | . . . Rammed 7 | . 6 1 Targets Rammed 7 | . 6 1 Kicked . | . . . Crushed . | . . . Highest Temperature 58 | . 58 31 Average Temperature 20 | . 21 13 Received Heat Transfer 615 | . 252 363 Siege Activations . | . . . Robots Corrupted . | . . . Combat Hostiles . | . . . Parts Fried . | . . . Impact Corruptions . | . . . Robots Melted . | . . . Combat Hostiles . | . . . Parts Melted 3 | . 3 . Heat Transferred 575 | . 375 200 Parts Sabotaged . | . . . Parts Stolen . | . . . Parts Stripped . | . . . Power Chain Reactions . | . . . Alert | -11 -10 -9 ------- Run | Yrd Mat Mat Peak Influence 187 | 5 187 151 Initial 24 | . 3 24 Average 61 | . 66 62 Maximum Alert Level . | . . . Low Security (%) 100 | 100 100 100 Level 1 . | . . . Level 2 . | . . . Level 3 . | . . . Level 4 . | . . . Level 5 . | . . . High Security . | . . . Max Security . | . . . Squads Dispatched 2 | . 1 1 Investigation 1 | . . 1 Extermination . | . . . Reinforcement 1 | . 1 . Assault . | . . . Garrison . | . . . Intercept . | . . . Searches Triggered . | . . . Construction Impeded . | . . . Haulers Reinforced . | . . . Active Scanning Responses . | . . . Cargo Convoy Interrupts . | . . . Stealth | -11 -10 -9 --------- Run | Yrd Mat Mat Distress Signals 3 | . 3 . Communications Jammed . | . . . Distress Signals . | . . . Times Spotted 28 | . 19 9 Peak Tracking Total 6 | . 4 6 Tactical Retreats 7 | . 5 2 Traps | -11 -10 -9 ------- Run | Yrd Mat Mat Traps Triggered . | . . . Indirectly . | . . . Trap Hack Attempts . | . . . Triggered . | . . . Disarmed . | . . . Reprogrammed . | . . . Reused . | . . . Traps Extracted . | . . . Installed . | . . . Triggered . | . . . Machines | -11 -10 -9 ---------- Run | Yrd Mat Mat Machines Disabled . | . . . Max in Single Turn . | . . . Machines Repaired . | . . . Machines Dismantled . | . . . Machines Sabotaged . | . . . Overloaded Fab Kills . | . . . Hacking | -11 -10 -9 --------- Run | Yrd Mat Mat Machines Accessed 5 | . 3 2 Terminals 5 | . 3 2 Fabricators . | . . . Repair Stations . | . . . Recycling Units . | . . . Scanalyzers . | . . . Garrison Access . | . . . Total Hacks 12 | . 7 5 Successful 7 | . 3 4 Failed 5 | . 4 1 Catastrophic . | . . . Database Lockouts . | . . . Manual . | . . . Terminals 12 | . 7 5 Fabricators . | . . . Repair Stations . | . . . Recycling Units . | . . . Scanalyzers . | . . . Garrison Access . | . . . Terminal Hacks 7 | . 3 4 Record 2 | . . 2 Prototype ID Bank 2 | . 2 . Patrol Status 1 | . 1 . Registered Components 1 | . . 1 Zone Layout 1 | . . 1 Fabricator Hacks . | . . . Repair Station Hacks . | . . . Recycling Unit Hacks . | . . . Scanalyzer . | . . . Garrison Access Hacks . | . . . Unauthorized Hacks . | . . . Terminals . | . . . Fabricators . | . . . Repair Stations . | . . . Recycling Units . | . . . Scanalyzers . | . . . Garrison Access . | . . . Data Cores Recovered . | . . . Used . | . . . Hacking Detections 5 | . 3 2 Full Trace Events 1 | . . 1 Feedback Events . | . . . Feedback Blocked . | . . . Robot Schematics Acquired . | . . . Robots Built . | . . . Authchips . | . . . Time . | . . . Total Robot Build Rating . | . . . Part Schematics Acquired . | . . . Parts Built . | . . . Authchips . | . . . Time . | . . . Total Part Build Rating . | . . . Parts Repaired . | . . . Time . | . . . Parts Recycled . | . . . Recycled Matter . | . . . Retrieved Matter . | . . . Retrieved Components . | . . . Parts Scanalyzed . | . . . Part Schematics Acquired . | . . . Parts Damaged . | . . . Bothacking | -11 -10 -9 ------------ Run | Yrd Mat Mat Used RIF Installer . | . . . Robots Hacked . | . . . Non-combat . | . . . Combat . | . . . Robot Hacks Applied . | . . . Relay Couplers Released . | . . . Fabnet Peak Effective % . | . . . Robots Rewired . | . . . Allies Hacked . | . . . Hacks Repelled . | . . . Allies | -11 -10 -9 -------- Run | Yrd Mat Mat Total Allies . | . . . Largest Group . | . . . Highest-Rated Group . | . . . Highest-Rated Ally . | . . . Total Orders . | . . . Ally Attacks . | . . . Total Damage . | . . . Kills . | . . . Allies Corrupted . | . . . Allies Melted . | . . . Intel | -11 -10 -9 ------- Run | Yrd Mat Mat Robot Analysis Total . | . . . Derelict Logs Recovered . | . . . Drone Launches . | . . . Drone Recoveries . | . . . Exploration | -11 -10 -9 ------------- Run | Yrd Mat Mat Turns Passed 1000 | 60 686 254 Spaces Moved 962 | 49 604 309 Core 27 | 18 . 9 Treads . | . . . Legs . | . . . Wheels 254 | 31 223 . Hover 681 | . 381 300 Flight . | . . . Fastest Speed 50 | 50 56 50 Average Speed 68 | 84 72 57 Slowest Speed 150 | 150 100 150 Overloaded Moves . | . . . Propulsion Burnouts . | . . . Robots Hopped . | . . . Cave-ins Triggered . | . . . Exploration Rate (%) 30 | 3 72 15 Regions Visited 2 Branch Regions . Pre-discovered Areas . | . . . Known Exits Taken . | . . . Unknown Exits Taken 2 | 1 1 . Scrap Searched . | . . . Spaces Dug 9 | . 9 . Terrain Destroyed 9 | . 9 . Melee . | . . . Projectile 9 | . 9 . AOE . | . . . Terrain Rammed . | . . . Walls Destroyed . | . . . Machines Disabled . | . . . Actions | -11 -10 -9 --------- Run | Yrd Mat Mat Total 1171 | 64 751 356 Wait 50 | . 48 2 Move 960 | 48 603 309 Hop . | . . . Pick Up 30 | 9 14 7 Fast Attach 8 | 3 3 2 Attach 11 | 3 4 4 Detach . | . . . Swap 8 | . 6 2 Drop 13 | . 12 1 Fire 84 | 1 55 28 Melee . | . . . Ram 7 | . 6 1 Kick . | . . . Crush . | . . . Escape Stasis . | . . . Rewire . | . . . Trap . | . . . Miscellaneous . | . . . Route ------- -11/Scrapyard -10/Materials (discovered 3 exits: *Mat / [*Min x2]) -9/Materials History --------- Turn | Location | Event 9 | -11/Scrapyard | Discovered new exit (range 15) 61 | -11/Scrapyard | Entered Materials 61 | -10/Materials | Discovered new exit (range 7) 304 | -10/Materials | Discovered new exit (range 7) 317 | -10/Materials | Build established: Mutant 494 | -10/Materials | Discovered new exit (range 14) 665 | -10/Materials | Core integrity fell below 50% 703 | -10/Materials | Lost 3 parts (1p1n1w) 747 | -10/Materials | Entered another Materials area 747 | -9/Materials | Evolved 2 slots: Power x1, Utility x1 981 | -9/Materials | Core integrity fell below 50% 995 | -9/Materials | Core integrity fell below 20% 1001 | -9/Materials | Destroyed by Y-45 Defender with Beam Rifle Last Messages --------------- 00858_ Slammed into U-05 Engineer. 00879_ K-01 Serf collects debris. 00938_ G-34 Mercenary destroyed. 00942_ Critical hit (Burn: +37). 00945_ Lgt. Ion Engine destroyed. 00946_ G-34 Mercenary destroyed. 00954_ Hover Unit destroyed. 00964_ Lgt. Ion Engine destroyed. 00965_ G-34 Mercenary destroyed. 00967_ Hacking Suite destroyed. 00969_ Assault Rifle destroyed. 00971_ Hacking Suite destroyed. 00972_ Acquired Sml. Laser. 00978_ Sml. Laser destroyed. 00979_ Acquired 45 matter. 00984_ Acquired 46 matter. 00987_ Acquired Sml. Laser. 00991_ ECM Suite destroyed. 00996_ Nuclear Core destroyed. 01000_ Sml. Laser destroyed. Map ----- +----------------------------------------------------+ | ?????????????????????????????????????????????????? | | ?????????????????????????????????????????????????? | | ?????????????????????????????????????????????????? | | ?????????????????????????????????????????????????? | | ?????????????????????????????????????????????????? | | ?????????????????????????????????????????????????? | | ?????????????????????????????????????????? | | ??????????????????????????????????????????#######+ | | ??????????????????????????????????????????# | | ??????????????????????????????????????????# """ "" | | ??????????????????????????????????????????# """ "" | | ??????????????????????????????????????????# """ "" | | ??????????????????????????????????????????# | | ???????????????????????????#######????????# | | ???????????????????????????# #????????######## | | ???????????????????????????# """ #???????????????? | | ???????????????????????????# """ #???????????????? | | ???????????????????????????# """ #?########??????? | | ???????????????????????????# #?#**]]! #??????? | | ???????????????????????????# #?# ]] #??????? | | ???????????????????????????# #?# #??????? | | ?????????????#################+##### ######## | | ?????????????# """ # r | | ?????????????# """"" # ## | | ?????????????# """"" # #? | | ?????????????# """"" + @*###+######+######+##### | | ?????????????# """ # YY# # # | | ?????????????# # # # == # " | | ?????????????# # # # == # Y | | ?????????????# # =# # = *# " | | ?????????????########### ! # "T" # # | | ???????????????????????# * # """ # # """ | | ???????????????????????# ######## # """ | | ???????????????????????# #??????# # """ | | ???????????????????????# #??????# # | | ???????????????????????# #??????########## | | ???????????????????????#####???????????????# | | ????????????????????????????????????????????###??? | | ?????????????????????????????????????????????????? | | ?????????????????????????????????????????????????? | | ?????????????????????????????????????????????????? | | ?????????????????????????????????????????????????? | | ?????????????????????????????????????????????????? | | ?????????????????????????????????????????????????? | | | | | | | | | | | | | +----------------------------------------------------+ Best States ------------- Heat Dissipation 28 Energy Generation 15 Energy Capacity 250 Matter Stores 300 Matter Capacity 300 Sight Range 18 Terrain Scan Density 10 ECM Strength 1 Evasion (%) 53 Offensive Hacking 30 Item Schematics ----------------- None Robot Schematics ------------------ None Fabricated ------------ Nothing Alien Tech Used ----------------- None Achievements -------------- None Challenges ------------ None Game ------ Seed SystemMetafiberBattery Manual? 0 Play Time 00:23:57 Cumulative 36.1 hours Start 2024.07.05 @ 19:13:01 End 2024.07.05 @ 19:38:59 Sessions 1 Manual Loads 0 Difficulty Rogue Special Mode None Game No. 17 Rogue 7 Adventurer 10 Explorer 0 Win Type - Total 0 Types 0/0/0/0/0/0/0/0/0 Lore% 10 Gallery% 27 Achievement% 23 Wizard Run 0 Options --------- Layout 1 ASCII 0 Keyboard 0 Movement Mouse Keybinds 0 Fullscreen 2 Font 24/Smallcaps Map View 50x35 Zoom Use 0% Tactical HUD 1 Map Filters NONE Filters NONE Steam 1 RUN: 42155383-a4d0-471c-a537-79c840170dbf